 Dungeon Crawl Stone Soup version 0.21.1-1-g345015f (webtiles) character file.

1012 Solrac the Skirmisher (level 8, -9/126 HPs)
             Began as an Ogre Berserker on Mar 17, 2018.
             Was a Priest of Trog.
             Mangled by a gnoll
             ... wielding a cursed -1 spear
              (10 damage)
             ... on level 5 of the Dungeon.
             The game lasted 00:17:27 (4421 turns).

Solrac the Skirmisher (Ogre Berserker)              Turns: 4421, Time: 00:17:28

Health: -9/126     AC:  4    Str: 27    XL:     8   Next: 21%
Magic:  0/8        EV: 10    Int: 13    God:    Trog [***...]
Gold:   218        SH:  0    Dex: 10    Spells: 7/7 levels left

rFire    + + .     SeeInvis .   s - +0 morningstar
rCold    + . .     Gourm    .   (no shield)
rNeg     . . .     Faith    .   v - +0 robe {rC+ rF+}
rPois    .         Spirit   +   n - +1 hat
rElec    .         Reflect  .   (no cloak)
rCorr    .         Harm     .   (gloves unavailable)
MR       .....                  (boots unavailable)
Stlth    ..........             w - amulet of guardian spirit
HPRegen  0.31/turn              j - ring of protection from fire
MPRegen  0.11/turn              a - +5 ring of intelligence

@: berserking (expiring), heavily drained, very quick
A: large, unfitting armour, tough skin 1
a: Berserk, Trog's Hand, Burn Spellbooks, Renounce Religion


You were on level 5 of the Dungeon.
You worshipped Trog.
Trog was most pleased with you.
You were very hungry.

You visited 1 branch of the dungeon, and saw 5 of its levels.

You collected 218 gold pieces.

Inventory:

Hand Weapons
 s - a +0 morningstar (weapon)
Missiles
 e - 134 stones (quivered)
 x - 9 tomahawks
Armour
 n - a +1 hat (worn)
 v - a +0 robe of resistance (worn)
Jewellery
 a - a +5 ring of intelligence (right hand)
 j - a ring of protection from fire (left hand)
 w - an amulet of guardian spirit (around neck)
Scrolls
 g - a scroll of enchant weapon
 k - 3 scrolls of teleportation
 l - 2 scrolls of remove curse
 o - 3 scrolls of blinking
 p - 3 scrolls of random uselessness {unknown}
 q - a scroll of amnesia {unknown}
 t - a scroll of magic mapping {unknown}
Potions
 d - a potion of resistance
 f - a potion of might {unknown}
 h - 2 potions of magic
 i - 2 potions of brilliance
 m - a potion of cancellation {unknown}
 u - a potion of flight {unknown}
Comestibles
 b - 6 chunks of flesh
 c - 7 rations


   Skills:
 + Level 6.9(4.5) Fighting
 + Level 6.8(4.4) Maces & Flails
 + Level 4.8(2.5) Dodging
 - Level 0.1(0.0) Stealth


You had 7 spell levels left.
You didn't know any spells.

Dungeon Overview and Level Annotations

Branches:
Dungeon (5/15)
 Temple: D:4-7

Altars:
Cheibriados
Fedhas
Kikubaaqudgha

Annotations:
D:5 Edmund


Innate Abilities, Weirdness & Mutations

You are too large for most types of armour.
You have tough skin. (AC +1)


Message History

You puncture Edmund!
Edmund is severely wounded.
The gnoll hits you from afar with an enchanted spear.
* * * LOW HITPOINT WARNING * * *
Edmund says, "I'm quite good with sums, too."
Edmund hits you with a dire flail of draining!
* * * LOW HITPOINT WARNING * * *
You feel drained.
* * * LOW HITPOINT WARNING * * *
You barely miss Edmund.
Edmund is severely wounded.
The gnoll hits you but does no damage.
You barely miss Edmund.
Edmund is severely wounded.
Edmund hits you with a dire flail of draining!
* * * LOW HITPOINT WARNING * * *
You feel drained.
* * * LOW HITPOINT WARNING * * *
The gnoll hits you from afar with an enchanted spear!
You die...

...# #................# #..#
#................#
#..###................#
......................#
.........>............#
..@..........####.#####
........>....# #g#
#'###......######)## ########
))..###.......g@@..###......#
......##......g#.....#......#
....⌠..#.......#####.#......#
.⌠.....#...........<........#
###._.##.......#####.#......#
# ####.....#.## #.#......#
.....##....### #.########
.......#.#...###..#
.<.........#....#.#


You could see Edmund and 3 gnolls.

Vanquished Creatures
  Pikel (D:4)
  Sigmund (D:4)
  A gnoll sergeant (D:5)
  A scorpion (D:5)
  A crimson imp (D:5)
  2 orc wizards
  A bullfrog zombie (D:5)
  An iguana (D:5)
  2 gnolls (D:5)
  3 adders
  An ooze (D:1)
  An adder skeleton (D:5)
  A worm (D:4)
  3 dart slugs
  4 leopard geckos
  17 orcs
  4 ball pythons (D:1)
  3 giant cockroaches (D:1)
  6 goblins
  11 hobgoblins
  A jackal (D:5)
  9 bats
  4 frilled lizards
  8 kobolds
  7 rats
94 creatures vanquished.

Vanquished Creatures (others)
  A hound (D:4)
  An iguana (D:4)
  An adder (D:4)
  A howler monkey skeleton (D:4)
  2 orcs (D:4)
  2 jackals (D:4)
  A frilled lizard (D:4)
  9 fungi (D:4)
  A plant (D:4)
19 creatures vanquished.

Grand Total: 113 creatures vanquished

Notes
Turn   | Place    | Note
-------+----------+-------------------------------------------
     0 | D:1      | Solrac the Ogre Berserker began the quest for the Orb.
     0 | D:1      | Reached XP level 1. HP: 24/24 MP: 1/1
   102 | D:1      | Reached XP level 2. HP: 23/32 MP: 2/2
   646 | D:1      | Reached XP level 3. HP: 39/40 MP: 3/3
   665 | D:1      | Reached ** piety under Trog
  1372 | D:2      | Reached XP level 4. HP: 49/49 MP: 4/4
  1979 | D:3      | Reached XP level 5. HP: 55/55 MP: 5/5
  2095 | D:4      | Noticed a slave
  2095 | D:4      | Noticed a slave
  2096 | D:4      | Noticed Pikel
  2097 | D:4      | Noticed a slave
  2098 | D:4      | Noticed a slave
  2116 | D:4      | Killed Pikel
  2116 | D:4      | Reached skill level 5 in Maces & Flails
  2116 | D:4      | Reached XP level 6. HP: 14/67 MP: 6/6
  2116 | D:4      | Reached XP level 7. HP: 16/75 MP: 7/7
  2120 | D:4      | Reached *** piety under Trog
  2485 | D:4      | Noticed Sigmund
  2502 | D:4      | HP: 2/112 [something (12)]
  2503 | D:4      | Killed Sigmund
  2836 | D:4      | Found a blossoming altar of Fedhas.
  3832 | D:5      | Entered Level 5 of the Dungeon
  3877 | D:5      | Reached XP level 8. HP: 51/84 MP: 6/8
  4328 | D:5      | Found a snail-covered altar of Cheibriados.
  4329 | D:5      | Found an ancient bone altar of Kikubaaqudgha.
  4379 | D:5      | Noticed Edmund
  4421 | D:5      | HP: 2/126 [Edmund/dire flail of draining (6)]
  4421 | D:5      | Mangled by a gnoll

Skill      XL: |  1  2  3  4  5  6  7 |
---------------+----------------------+-----
Maces & Flails | 3 4 5 6 |  6.8
Dodging        | 3 4 |  4.8
Fighting       | 6 |  6.9
Stealth        | |  0.1

Action                   |  1- 3 |  4- 6 |  7- 9 || total
-------------------------+-------+-------+-------++-------
Melee: Mace              |    94 |    59 |       ||   153
       Morningstar       |       |    38 |    93 ||   131
Invok: Berserk           |       |     1 |     3 ||     4
  Use: Scroll            |       |     6 |     2 ||     8
  Eat: Chunk             |     2 |     2 |     3 ||     7
       Ration            |       |       |     2 ||     2
Armor: Animal skin       |    31 |    44 |     2 ||    77
       Robe              |       |       |    12 ||    12
Dodge: Dodged            |    79 |    48 |    41 ||   168
